 Dungeon Crawl Stone Soup version 0.20-a0-641-g673355a (webtiles) character file.

37 nikopol the Skirmisher (level 3, -12/24 HPs)
             Began as a Gargoyle Fighter on Feb 13, 2017.
             Mangled by Crazy Yiuf
             ... wielding a +4 quarterstaff of chaos
              (14 damage)
             ... on level 2 of the Dungeon.
             The game lasted 00:01:40 (1005 turns).

nikopol the Skirmisher (Gargoyle Fighter)           Turns: 1005, Time: 00:01:41

Health: -12/24     AC: 11    Str: 24    XL:     3   Next: 41%
Magic:  3/3        EV:  7    Int:  8    God:
Gold:   85         SH:  9    Dex: 10    Spells: 2/2 levels left

rFire    . . .     SeeInvis .   a - +0 flail
rCold    . . .     Gourm    .   b - +0 scale mail
rNeg     + . .     Faith    .   c - +0 shield
rPois    ∞         Spirit   .   (no helmet)
rElec    +         Reflect  .   (no cloak)
rCorr    .         Harm     .   g - +0 pair of gloves
MR       .....                  (no boots)
Stlth    ..........             (no amulet)
Regen    0.1/turn               (no ring)
MPRegen  0.1/turn               (no ring)

@: mighty, about to teleport
A: negative energy resistance 1, electricity resistance, unbreathing,
petrification resistance, rot immunity, AC +3
a: no special abilities


You were on level 2 of the Dungeon.
You were hungry.

You visited 1 branch of the dungeon, and saw 2 of its levels.

You collected 85 gold pieces.

Inventory:

Hand Weapons
 a - a +0 flail (weapon)
Armour
 b - a +0 scale mail (worn)
 c - a +0 shield (worn)
 g - a +0 pair of gloves (worn)
Jewellery
 h - an uncursed ring of resist corrosion {unknown}
Scrolls
 i - a scroll of remove curse {unknown}
 k - a scroll of teleportation {unknown}
 l - a scroll of magic mapping {unknown}
Potions
 e - a potion of ambrosia {unknown}
Comestibles
 f - 2 bread rations
 j - a royal jelly


   Skills:
 + Level 3.7 Fighting
 + Level 2.9 Maces & Flails
 + Level 3.5 Armour
 + Level 3.5 Shields


You had 2 spell levels left.
You didn't know any spells.

Dungeon Overview and Level Annotations

Branches:
Dungeon (2/15)

Altars:

Annotations:
D:2 Crazy Yiuf


Innate Abilities, Weirdness & Mutations

You are resistant to torment.
Your stone body is resilient. (AC +3)
You are immune to poison.
You resist negative energy. (rN+)
You are resistant to electric shocks. (rElec)
You can survive without breathing.
You are immune to petrification.
You are immune to rotting.


Message History

* * * LOW HITPOINT WARNING * * *
You sock Crazy Yiuf!
Crazy Yiuf is moderately wounded.
You block Crazy Yiuf's attack. x2
You sock Crazy Yiuf!
Crazy Yiuf is severely wounded.
You block Crazy Yiuf's attack.
Crazy Yiuf hits you with a quarterstaff of chaos.
* * * LOW HITPOINT WARNING * * *
You feel strangely unstable.
Sorry, you're not good enough to have a special ability.
There is an open door here.
You feel very mighty all of a sudden. You block Crazy Yiuf's attack.
You barely miss Crazy Yiuf.
Crazy Yiuf is severely wounded.
You block Crazy Yiuf's attack.
Crazy Yiuf hits you with a quarterstaff of chaos!
Ouch! That really hurt!
You die...

≈..)..≈≈≈.# #.....#
..[....≈≈.# #.....#
........### #.....#
.......## #######
..(...## .......#
.......##♣♣ #####
..........♣♣ ♣♣#..)#
...........♣♣♣♣.@g..#
..#
............♣..♣#...#
#..##
...........♣.♣♣♣#####
#... ###....##♣♣♣♣♣ #>.#
#....# #..#
#....################..#
#>.....................#
#############..........#
######.##..#


You could see Crazy Yiuf (berserk).

Vanquished Creatures
  2 worms (D:2)
  2 dart slugs
  2 giant cockroaches (D:1)
  5 goblins
  A hobgoblin (D:1)
  2 jackals (D:1)
  5 kobolds
  2 bats (D:1)
  2 frilled lizards (D:1)
  5 rats
28 creatures vanquished.

Vanquished Creatures (others)
  A kobold (D:2)
1 creature vanquished.

Grand Total: 29 creatures vanquished

Notes
Turn   | Place    | Note
-------+----------+-------------------------------------------
     0 | D:1      | nikopol the Gargoyle Fighter began the quest for the Orb.
     0 | D:1      | Reached XP level 1. HP: 14/14 MP: 1/1
   137 | D:1      | Reached XP level 2. HP: 19/19 MP: 2/2
   870 | D:2      | Reached XP level 3. HP: 24/24 MP: 3/3
   992 | D:2      | Found a runed door.
   998 | D:2      | Noticed Crazy Yiuf
  1005 | D:2      | Mangled by Crazy Yiuf

Vault maps used:
D:1:      dpeg_arrival_erosion, hangedman_decor_clover_reticule,
          roderic_serpentine_path
D:2:      wad_crossroads, first_bread, lemuel_old_faithful, uniq_terence,
          uniq_crazy_yiuf_cottage

Action                   || total
-------------------------++-------
Melee: Flail             ||   103
  Use: Potion            ||     1
Armor: Scale mail        ||    60
Dodge: Dodged            ||    27
Block: Shield            ||    55
